 Dungeon Crawl Stone Soup version 0.30-a0-953-g5f1da4a474 (webtiles) character file.

Game seed: 15379275429985314562

340 sasquatch the Cutter (level 6, -3/44 HPs)
             Began as a Human Brigand on Mar 28, 2023.
             Slain by an orc
             ... wielding a +2 trident of distortion
              (13 damage)
             ... on level 4 of the Dungeon.
             The game lasted 00:06:27 (3123 turns).

sasquatch the Cutter (Human Brigand)                Turns: 3123, Time: 00:06:28

Health: -3/44      AC: 10    Str: 11    XL:     6   Next: 86%
Magic:  0/6        EV: 10    Int: 17    God:
Gold:   175        SH:  0    Dex: 17    Spells: 5/5 levels left

rFire   . . .      SeeInvis .    a - +2 dagger
rCold   . . .      Faith    .    (no shield)
rNeg    + . .      Spirit   +    h - +0 ring mail
rPois   .          Reflect  .    (no helmet)
rElec   .          Rampage  .    c - +0 cloak
rCorr   .                        w - +0 pair of gloves
Will    .....                    r - +2 pair of boots
Stlth   ++                       g - amulet of guardian spirit
HPRegen 0.27/turn                k - +6 ring of intelligence
MPRegen 0.10/turn                A - ring of positive energy

@: hasted, very quick
A: no striking features
a: no special abilities


You were on level 4 of the Dungeon.
You visited 1 branch of the dungeon, and saw 4 of its levels.

You collected 175 gold pieces.

Inventory:

Hand Weapons
 a - a +2 dagger (weapon)
 p - a +1 short sword of holy wrath
Missiles
 d - 14 poisoned darts (quivered)
 e - 3 curare-tipped darts
Armour
 c - a +0 cloak (worn)
 h - a +0 ring mail (worn)
 r - a +2 pair of boots (worn)
 w - a +0 pair of gloves (worn)
 x - the +0 robe of Slovenliness {rC+ Str+4}
   (You found it on level 3 of the Dungeon)

   Str:       It affects your strength (+4).
   rC:        It protects you from cold.
Jewellery
 g - an amulet of guardian spirit (around neck)
 k - a +6 ring of intelligence (left hand)
 q - a ring of ice
 A - a ring of positive energy (right hand)
Wands
 m - a wand of flame (14)
Scrolls
 b - 6 scrolls of identify {unknown}
 j - a scroll of immolation {unknown}
 l - 2 scrolls of vulnerability {unknown}
 o - a scroll of fog {unknown}
 s - a scroll of amnesia {unknown}
 v - a scroll of noise {unknown}
 y - a scroll of fear {unknown}
Potions
 f - a potion of haste
 i - a potion of attraction {unknown}
 n - a potion of flight {unknown}
 t - a potion of curing {unknown}
 u - a potion of magic {unknown}
 z - a potion of brilliance {unknown}


   Skills:
 - Level 2.0 Fighting
 + Level 6.8 Short Blades
 - Level 2.0 Throwing
 - Level 1.0 Dodging
 - Level 4.0 Stealth


You had 5 spell levels left.
You didn't know any spells.
Your spell library contained the following spells:

 Spells                   Type           Power      Damage    Failure   Level
 Portal Projectile        Hex/Tloc       0%         N/A       86%         3
 Tukima's Dance           Hex            0%         N/A       86%         3
 Blade Hands              Tmut           0%         N/A       100%        5


Dungeon Overview and Level Annotations

Branches:
Dungeon (4/15)
 Temple: D:4-7

Altars:
Cheibriados
Nemelex Xobeh
Vehumet

Shops:
D:3 [:(

Annotations:
D:3 Natasha


Message History

The orc attacks as you move away! The orc barely misses you.
You see here a +0 short sword.
You hit the orc.
The orc is severely wounded.
The orc hits you with a +0 flail!
The orc priest hits you from afar with a +0 trident.
You hit the orc.
You kill the orc!
The orc priest hits you but does no damage.
Unknown command.
The orc misses you.
The orc priest hits you but does no damage.
Things that are here:
a +0 flail; an orc corpse You hit the orc priest.
The orc priest is lightly wounded.
You hit the orc priest.
The orc priest is moderately wounded.
The orc hits you but does no damage. Space warps horribly around you!!
Ouch! That really hurt!
The orc priest hits you but does no damage.
You hit the orc priest.
The orc priest is heavily wounded.
The orc priest completely misses you.
The orc hits you from afar with a +2 trident of distortion.
Space warps horribly around you.
* * * LOW HITPOINT WARNING * * *
It was a potion of haste.
You feel yourself speed up.
The orc priest hits you with a +0 trident.
* * * LOW HITPOINT WARNING * * *
The orc closely misses you.
You hit the orc priest.
The orc priest is severely wounded.
You closely miss the orc priest.
The orc priest is severely wounded.
You hit the orc priest.
The orc priest is severely wounded.
The orc priest misses you. The orc hits you but does no damage.
Space warps horribly around you!
You die...

#.. ####.# #.# #.#
#.# #.# #####.#
#...#.#############
#.#............)@.#
......###########o#
.#.#### o.. ...#
#### ...# ...# ...#
...# .###


You could see an orc priest and an orc.

Vanquished Creatures
  A water moccasin (D:3)
  A scorpion (D:3)
  Natasha (twice) (D:3)
  4 adders
  2 worms
  3 dart slugs
  4 orcs
  6 ball pythons
  7 endoplasms
  4 giant cockroaches
  5 goblins
  6 hobgoblins
  3 jackals (D:2)
  3 quokkas
  6 bats
  5 kobolds
  9 rats
71 creatures vanquished.

Vanquished Creatures (others)
  14 toadstools (D:1)
14 creatures vanquished.

Grand Total: 85 creatures vanquished

Notes
Turn   | Place    | Note
-------+----------+-------------------------------------------
     0 | D:1      | sasquatch the Human Brigand began the quest for the Orb.
     0 | D:1      | Reached XP level 1. HP: 16/16 MP: 1/1
   226 | D:1      | Reached XP level 2. HP: 22/22 MP: 2/2
   381 | D:1      | Reached skill level 3 in Short Blades
   457 | D:1      | Reached XP level 3. HP: 27/27 MP: 3/3
  1152 | D:2      | Reached skill level 4 in Short Blades
  1152 | D:2      | Reached XP level 4. HP: 28/33 MP: 2/4
  1847 | D:3      | Found Waeshrea's Antique Armour Boutique.
  1909 | D:3      | Noticed Natasha
  1958 | D:3      | Killed Natasha
  1959 | D:3      | Reached XP level 5. HP: 32/38 MP: 5/5
  2017 | D:3      | Found a faded altar of an unknown god.
  2184 | D:3      | Found a snail-covered altar of Cheibriados.
  2198 | D:3      | Found Diasch's Book Shoppe.
  2225 | D:3      | Reached skill level 5 in Short Blades
  2391 | D:3      | Found Ethauh's Antique Weapon Shoppe.
  2642 | D:3      | Found a sparkling altar of Nemelex Xobeh.
  2666 | D:3      | Noticed Natasha
  2680 | D:3      | Killed Natasha
  2681 | D:3      | Reached XP level 6. HP: 35/44 MP: 4/6
  2747 | D:3      | Noticed a water moccasin
  2749 | D:3      | Killed a water moccasin
  2750 | D:3      | Reached skill level 6 in Short Blades
  2755 | D:3      | Identified the +0 robe of Slovenliness {rC+ Str+4}
  3003 | D:3      | Noticed Natasha
  3037 | D:4      | Found a radiant altar of Vehumet.
  3123 | D:4      | Slain by an orc

Illustrated notes

Levels and vault maps discovered:
D:1:      nagdon_arrival_zigzag_paths, layout_basic
D:2:      layout_basic
D:3:      layout_basic, mainiacjoe_overflow_concentric_impassable,
          kennysheep_slug_shrine, ebering_ecumenical_altar_sacrificial,
          serial_shops, shop, nicolae_shop_waterfront, shop, uniq_natasha
D:4:      layout_loops_ring, bloody_makhleb, mainiacjoe_overflow_alcove_4,
          minmay_temple_entry_junction_2, gup_sewer_entry_spiral

Skill      XL: |  1  2  3  4  5  6 |
---------------+-------------------+-----
Short Blades   | 3 4 5 6 |  6.8
Fighting       | |  2.0
Throwing       | |  2.0
Dodging        | |  1.0
Stealth        | |  4.0

Action                     |  1- 3 |  4- 6 || total
---------------------------+-------+-------++-------
  Melee: Dagger            |    90 |   152 ||   242
         Punch             |       |     2 ||     2
  Throw: Dart              |       |    16 ||    16
    Use: Potion            |       |     1 ||     1
   Stab: Sleeping          |     9 |     6 ||    15
 Armour: Robe              |     3 |       ||     3
         Ring mail         |    24 |    43 ||    67
  Dodge: Dodged            |    29 |    59 ||    88

Table legend: (Time is in decaauts)
 A = Elapsed time spent in this place.
 B = Non-inter-level travel time spent in this place.
 C = Inter-level travel time spent in this place.
 D = Time resting spent in this place.
 E = Time spent auto-exploring this place.
 F = Levels seen in this place.
 G = Mean time per level.
                   A        B        C        D        E       F      G
               +--------+--------+--------+--------+--------+-----+--------+
         Total |   3079 |   2917 |    162 |      0 |   2316 |   4 |  769.8 |
       Dungeon |   3079 |   2917 |    162 |      0 |   2316 |   4 |  769.8 |
               +--------+--------+--------+--------+--------+-----+--------+

Top non-repeatable levels by time:
     D:3: 1218 daAuts
     D:1: 899 daAuts
     D:2: 849 daAuts
     D:4: 111 daAuts
